Map: Abyssal Reef LE

Players

Nathanias - Winner!

  • Race: Terran Terran
  • League: Grandmaster
  • Spawn Location: 11:00

DieZaCRo

  • Race: Zerg Zerg
  • League: Grandmaster
  • Spawn Location: 5:00

VOD

Have the link to the VOD?

Description

TvZ Battlecruiser opening into Mech

Time

  • Played on: Nov. 25, 2017, 4:16 p.m.
  • Length: 18:28
Show
View Real Time Build Order
Export as new Build Order

Nathanias Terran - Winner!

Build Orders:  

Get SALT Encoding   

  12  0:00  SCV  
  13  0:12  SCV  
  14  0:17  Supply Depot  
  14  0:24  SCV  
  15  0:39  SCV  
  15  0:40  Barracks  
  16  0:51  SCV  
  17  1:03  SCV  
  18  1:15  SCV  
  19  1:27  Orbital Command  
  19  1:28  Marine  
  20  1:34  Command Center  
  20  1:39  Refinery  
  20  1:42  Refinery  
  20  1:46  Marine  
  21  1:53  Supply Depot  
  21  1:57  SCV  
  22  2:04  Marine  
  23  2:15  SCV  
  24  2:23  Marine  
  24  2:27  SCV  
  26  2:31  Factory  
  26  2:39  SCV  
  26  2:42  Barracks Reactor  
  27  2:46  Orbital Command  
  27  2:50  Bunker  
  27  2:51  SCV  
  28  3:03  SCV  
  30  3:12  SCV  
  30  3:15  SCV  
  31  3:20  Starport  
  31  3:25  SCV, Supply Depot  
  31  3:26  Hellion x2  
  36  3:27  Barracks Tech Lab  
  36  3:29  SCV  
  37  3:37  SCV  
  37  3:38  Supply Depot  
  37  3:41  SCV  
  39  3:48  Hellion x2  
  43  3:49  SCV  
  43  3:53  SCV  
  45  4:00  Fusion Core  
  45  4:01  SCV  
  46  4:03  Viking  
  46  4:05  SCV  
  46  4:09  Hellion  
  53  4:10  Hellion  
  53  4:13  SCV  
  54  4:17  SCV  
  55  4:25  SCV  
  55  4:29  SCV  
  55  4:31  Hellion x2  
  58  4:37  SCV  
  59  4:41  SCV  
  60  4:47  Supply Depot  
  60  4:49  SCV  
  61  4:53  SCV  
  62  5:02  SCV  
  61  5:09  Hellion, Battlecruiser  
  61  5:10  Hellion  
  61  5:11  SCV  
  70  5:14  SCV  
  70  5:20  Supply Depot  
  67  5:25  Weapon Refit  
  67  5:27  Command Center  
  67  5:34  SCV x2  
  69  5:36  Hellion x2  
  73  5:46  SCV  
  74  5:51  SCV  
  74  5:53  Engineering Bay, Refinery  
  74  5:55  Refinery  
  75  5:57  Hellion x2  
  75  5:58  SCV  
  75  6:02  Supply Depot  
  75  6:03  SCV  
  81  6:09  Factory  
  81  6:11  Factory  
  81  6:13  SCV  
  81  6:15  SCV  
  83  6:23  Hellion  
  83  6:24  Hellion  
  83  6:25  SCV  
  88  6:27  SCV  
  89  6:37  SCV  
  89  6:39  SCV  
  91  6:44  Hellion  
  91  6:45  Hellion, SCV  
  86  6:49  SCV  
  86  6:52  SCV  
  86  6:57  Battlecruiser  
  89  7:04  Missile Turret  
  89  7:06  Hellion  
  89  7:07  Hellion, Armory x2  
  91  7:08  SCV  
  91  7:12  SCV  
  90  7:16  SCV  
  90  7:20  Factory Tech Lab x2  
  89  7:23  SCV  
  89  7:24  SCV  
  89  7:28  SCV  
  89  7:29  Factory  
  92  7:31  Factory  
  92  7:35  SCV  
  92  7:36  SCV  
  94  7:40  SCV  
  95  7:47  SCV  
  95  7:48  SCV  
  95  7:50  Hellion x3  
  95  7:51  Hellion  
  103  7:52  SCV  
  104  8:00  SCV  
  104  8:02  Infernal Pre-Igniter  
  103  8:07  SCV  
  103  8:09  Orbital Command  
  103  8:12  Hellion x2  
  104  8:13  Smart Servos  
  104  8:16  Terran Vehicle And Ship Armor Level 1, Terran Vehicle Weapons Level 1  
  104  8:19  Factory Reactor, Factory Tech Lab  
  104  8:25  Hellion x2  
  108  8:30  Supply Depot  
  108  8:32  Supply Depot x2  
  108  8:39  Raven  
  110  8:45  Hellion  
  110  8:47  Orbital Command  
  112  8:55  SCV  
  113  8:59  Hellion x3  
  113  9:00  Refinery  
  113  9:01  Refinery  
  119  9:04  SCV  
  119  9:09  Hellion  
  128  9:14  Missile Turret, Siege Tank  
  128  9:15  Siege Tank  
  128  9:17  Missile Turret, Siege Tank  
  131  9:25  Raven  
  133  9:43  Hellion x3  
  133  9:44  Hellion  
  141  9:56  Command Center  
  141  10:00  Starport x2  
  141  10:05  Supply Depot  
  141  10:08  Supply Depot  
  141  10:09  Supply Depot  
  141  10:14  Siege Tank x2  
  141  10:24  Terran Vehicle Weapons Level 2  
  141  10:25  Supply Depot  
  141  10:27  Thor, Hellion  
  149  10:29  Hellion x2  
  149  10:30  Hellion  
  155  10:46  Starport Reactor x2, Supply Depot  
  155  10:52  Hellion x4  
  155  10:53  Thor  
  155  10:56  Supply Depot  
  169  11:00  Supply Depot  
  169  11:01  Terran Vehicle And Ship Armor Level 2  
  169  11:03  Supply Depot  
  169  11:07  Thor  
  175  11:27  Sensor Tower  
  175  11:30  Hellion x4  
  189  11:33  Liberator  
  189  11:36  Liberator x2  
  189  11:38  Refinery  
  189  11:40  Liberator  
  189  11:43  Refinery  
  189  11:48  Planetary Fortress  
  192  11:58  Hellion  
  192  11:59  Hellion  
  199  12:01  Missile Turret  
  199  12:03  Missile Turret  
  199  12:26  Advanced Ballistics  
  199  12:29  Command Center  
  199  12:37  Liberator x2  
  169  12:51  Liberator  
  169  12:52  Liberator  
  169  12:53  Thor x3  
  169  12:54  Hellion x4  
  169  12:58  SCV x2  
  187  13:09  Liberator  
  193  13:20  Liberator x2  
  190  13:46  Thor x2  
  190  13:48  Hellion x2  
  175  13:59  Thor  
  175  14:00  Hellion x2, Liberator  
  181  14:16  Hellion x2  
  188  14:25  Hellion  
  188  14:29  Thor x2  
  188  14:31  Command Center  
  177  14:48  Thor  
  177  14:49  Hellion  
  177  14:51  Hellion x3  
  159  15:10  Hellion  
  159  15:12  Thor x2, Hellion  
  159  15:14  Hellion x2  
  168  15:21  Liberator x2  
  168  15:29  Terran Vehicle Weapons Level 3, Terran Vehicle And Ship Armor Level 3  
  168  15:36  Thor, Hellion  
  168  15:37  Hellion x3  
  168  15:38  Raven  
  190  15:55  Hellion, Refinery  
  192  15:57  Thor  
  192  16:03  Planetary Fortress, Refinery  
  192  16:04  Orbital Command  
  198  16:14  Hellion  
  200  16:21  Missile Turret  
  200  16:25  Missile Turret  
  200  16:27  Sensor Tower  
  193  16:54  Thor  
  193  16:55  Hellion  
  193  17:05  Thor  
  193  17:06  Thor  
  197  17:22  Hellion x3  
  199  17:24  Thor x7  
  180  17:44  Thor  
  180  17:45  Hellion x2  
Show
View Real Time Build Order
Export as new Build Order

DieZaCRo Zerg 

Build Orders: Hatch First, Swarm Host 

Get SALT Encoding   

  12  0:01  Drone  
  13  0:12  Overlord  
  13  0:18  Drone  
  14  0:30  Drone  
  14  0:31  Drone  
  14  0:34  Drone  
  17  0:52  Hatchery  
  17  0:55  Drone  
  17  0:59  Drone  
  18  1:08  Extractor  
  17  1:13  Spawning Pool  
  17  1:16  Drone  
  17  1:19  Drone  
  18  1:28  Drone  
  19  1:39  Overlord  
  19  2:00  Queen  
  19  2:01  Zergling x4  
  23  2:04  Queen  
  23  2:05  Zergling x2  
  23  2:07  Metabolic Boost  
  26  2:11  Drone  
  27  2:16  Drone  
  27  2:21  Drone  
  29  2:26  Drone  
  30  2:39  Drone x2  
  30  2:40  Queen  
  30  2:43  Overlord  
  34  2:52  Drone  
  34  2:56  Pneumatized Carapace  
  35  2:59  Drone  
  36  3:08  Hatchery  
  36  3:12  Drone x2  
  37  3:14  Drone  
  38  3:20  Drone x2  
  38  3:21  Drone  
  38  3:25  Overlord  
  41  3:30  Drone x2  
  41  3:32  Drone  
  44  3:44  Overlord  
  44  3:45  Drone x4  
  48  3:50  Baneling Nest  
  48  3:55  Evolution Chamber  
  46  3:57  Zergling x4  
  46  3:58  Zergling x4  
  46  4:01  Overlord  
  50  4:08  Overlord  
  50  4:17  Drone x2  
  50  4:18  Extractor, Overlord  
  50  4:21  Zerg Ground Armor Level 1  
  50  4:22  Zergling x4  
  50  4:23  Zergling x2  
  53  4:27  Spore Crawler  
  53  4:28  Queen  
  52  4:39  Drone x6  
  52  4:44  Overlord  
  58  4:49  Zergling x8  
  54  5:03  Drone x7  
  54  5:06  Spore Crawler  
  54  5:08  Drone  
  55  5:14  Drone x2  
  55  5:19  Drone  
  57  5:22  Evolution Chamber  
  57  5:26  Drone x3  
  57  5:27  Drone  
  60  5:29  Drone  
  60  5:34  Overlord  
  61  5:38  Lair  
  61  5:42  Drone x2  
  60  5:44  Zergling x6  
  60  5:46  Zergling x2  
  60  5:47  Zergling x2  
  65  5:52  Drone  
  65  5:53  Drone  
  67  5:58  Zerg Melee Weapons Level 1  
  67  6:00  Zergling x12  
  67  6:02  Drone  
  74  6:09  Drone x3  
  77  6:14  Drone, Extractor  
  77  6:15  Drone x2  
  77  6:16  Extractor  
  78  6:19  Baneling x2  
  78  6:20  Baneling x2  
  78  6:25  Queen  
  76  6:29  Zergling x2  
  76  6:30  Zergling x10  
  77  6:41  Overlord x3  
  77  6:46  Overlord  
  77  6:47  Queen, Spore Crawler  
  73  6:51  Zerg Ground Armor Level 2  
  70  6:54  Overlord, Hydralisk Den  
  70  6:55  Drone x3  
  70  6:56  Drone  
  70  6:57  Drone x2, Spore Crawler  
  70  6:59  Extractor  
  70  7:00  Extractor  
  69  7:01  Baneling x2  
  69  7:07  Zergling x2  
  69  7:08  Zergling x8  
  70  7:09  Drone x3  
  70  7:10  Drone  
  74  7:20  Drone x2  
  74  7:21  Drone  
  73  7:24  Drone x2  
  73  7:25  Drone  
  76  7:32  Muscular Augments  
  76  7:33  Hydralisk x4  
  81  7:40  Hydralisk x2  
  81  7:41  Zergling x4  
  83  7:47  Zergling x2  
  83  7:50  Zergling x2  
  79  7:52  Queen  
  79  7:56  Drone  
  79  7:57  Drone x3  
  82  7:59  Hydralisk  
  82  8:00  Hydralisk  
  82  8:03  Drone x2  
  82  8:04  Drone  
  88  8:06  Drone  
  88  8:10  Drone  
  88  8:12  Drone  
  89  8:16  Drone  
  90  8:20  Drone  
  90  8:26  Zerg Melee Weapons Level 2  
  91  8:29  Baneling x3  
  91  8:36  Hatchery  
  91  8:39  Queen  
  91  8:40  Overseer  
  92  8:42  Infestation Pit  
  92  8:45  Drone x8  
  99  8:49  Zergling x2  
  99  8:51  Zergling x2  
  99  8:52  Zergling x4  
  103  8:57  Spine Crawler  
  103  8:58  Drone x2  
  104  9:05  Hydralisk  
  104  9:06  Overlord  
  104  9:08  Zerg Missile Weapons Level 1  
  104  9:09  Overlord  
  104  9:10  Spore Crawler  
  104  9:11  Overlord  
  104  9:14  Overlord  
  104  9:15  Overlord, Spore Crawler  
  102  9:26  Drone x3  
  102  9:27  Overlord  
  105  9:33  Extractor  
  105  9:36  Queen  
  105  9:37  Extractor  
  101  9:39  Hydralisk x6  
  112  9:45  Drone  
  112  9:46  Drone x2  
  112  9:47  Drone  
  112  9:51  Hydralisk x2  
  112  9:52  Hydralisk  
  121  9:54  Drone x2  
  121  9:55  Drone  
  124  10:01  Drone  
  124  10:02  Drone, Overlord  
  124  10:03  Drone  
  124  10:04  Drone x2  
  127  10:19  Queen  
  129  10:23  Zergling x4  
  129  10:24  Zergling x16  
  129  10:26  Centrifical Hooks  
  139  10:29  Pathogen Glands  
  139  10:30  Hatchery  
  139  10:33  Queen  
  137  10:43  Drone x2  
  137  10:44  Drone  
  137  10:48  Overseer  
  140  10:52  Burrow  
  140  10:53  Swarm Host x5  
  140  10:54  Swarm Host x2  
  159  11:04  Overlord  
  156  11:19  Drone  
  156  11:20  Drone  
  156  11:22  Swarm Host x3  
  156  11:24  Overlord x5  
  167  11:26  Hive  
  167  11:32  Overlord x2  
  166  11:41  Overlord x3  
  166  11:43  Overseer  
  166  11:46  Swarm Host x3  
  166  11:47  Swarm Host x8  
  199  11:59  Zerg Missile Weapons Level 2  
  198  12:06  Spine Crawler  
  198  12:08  Extractor x2, Spine Crawler  
  195  12:10  Spine Crawler x2  
  195  12:11  Drone x2, Spine Crawler  
  195  12:12  Drone x2  
  195  12:22  Baneling x17  
  195  12:23  Zergling x2  
  195  12:24  Zergling x6  
  199  12:31  Evolution Chamber  
  195  12:39  Drone x3  
  193  12:51  Zergling x30  
  190  12:52  Zergling x2  
  195  12:59  Drone x5  
  195  13:05  Hydralisk x3  
  194  13:12  Baneling x6  
  200  13:13  Baneling x12  
  200  13:25  Zergling x2  
  200  13:26  Zergling x2  
  200  13:28  Zerg Melee Weapons Level 3, Zerg Ground Armor Level 3  
  200  13:30  Adrenal Glands  
  198  13:34  Spire  
  173  13:43  Zergling x16  
  173  13:44  Zergling x24  
  165  13:49  Zergling x2  
  164  13:57  Zergling x2  
  164  13:58  Zergling x8  
  164  14:02  Hydralisk x6  
  158  14:05  Baneling x3  
  158  14:06  Baneling x6  
  158  14:07  Baneling  
  158  14:08  Baneling  
  169  14:11  Zergling x2  
  160  14:26  Hydralisk x2  
  160  14:27  Hydralisk x7  
  174  14:34  Hydralisk x2  
  173  14:45  Hydralisk x2  
  172  14:51  Hydralisk  
  172  14:55  Drone  
  172  14:56  Drone  
  172  14:57  Drone x2  
  166  15:04  Hydralisk  
  166  15:05  Hydralisk  
  149  15:14  Hydralisk x2  
  125  15:19  Hydralisk x2  
  115  15:26  Swarm Host x2  
  116  15:31  Drone x3  
  114  15:38  Hydralisk x2  
  118  15:44  Drone  
  118  15:45  Drone x2  
  118  15:47  Drone x3  
  124  15:51  Drone  
  124  15:52  Drone x3  
  128  15:58  Swarm Host x2  
  128  16:01  Swarm Host  
  141  16:17  Infestor x3  
  143  16:22  Zergling x10  
  143  16:23  Drone  
  143  16:24  Drone x3  
  143  16:25  Drone  
  153  16:27  Hydralisk  
  153  16:28  Hydralisk  
  153  16:30  Zergling x8  
  161  16:40  Hydralisk  
  161  16:41  Hydralisk x2  
  164  16:52  Hatchery  
  156  16:55  Hydralisk x4  
  156  16:58  Zergling x6  
  167  17:07  Hydralisk x3  
  160  17:10  Hydralisk  
  160  17:13  Zergling x6  
  153  17:22  Hydralisk x5  
  139  17:28  Hydralisk  
Tags
 
Add a new tag
Caveats
  • Supply blocks, unpowered buildings, or Contaminate may cause inaccurate times.
  • Supply counts are checked every 10 seconds.